 Dungeon Crawl Stone Soup version 0.15.0-23-gc2b521c (webtiles) character file.

99733 Nebuchadnezzar the Bludgeoner (level 15, -7/115 HPs)
             Began as a Demonspawn Berserker on Sept 9, 2014.
             Was a High Priest of Trog.
             Mangled by a merfolk impaler
             ... wielding a +2 trident of distortion
              (16 damage)
             ... on Level 5 of the Shoals.
             The game lasted 01:44:31 (27652 turns).

Nebuchadnezzar the Bludgeoner (DsBe)               Turns: 27652, Time: 01:44:31

HP  -7/115       AC 27     Str 30      XL: 15   Next: 78%
MP  15/15        EV 10     Int  8      God: Trog [*****.]
Gold 1392        SH  0     Dex 12      Spells:  0 memorised, 14 levels left

rFire  + + .     SeeInvis +     Y - +7 great mace of the Crawling Thing {speed, +Rage}
rCold  + + .     Clarity  .     i - +3 plate armour {rF+}
rNeg   . . .     rCorr    .     (no shield)
rPois  .         rRot     .     (helmet unavailable)
rElec  +         Spirit   .     P - +0 cloak of Starlight {rElec rC+ EV+4 Stlth-}
SustAb .         Warding  .     O - +2 pair of gloves {rC+}
rMut   +         Stasis   .     r - +0 pair of boots
Gourm  .                        e - amulet of resist mutation
MR     +....                    T - ring of regeneration
                                F - ring of see invisible

@: mighty, somewhat resistant to hostile enchantments, extremely unstealthy
A: horns 3, molten scales 3, powered by pain 2
a: Burn Spellbooks, Berserk, Trog's Hand, Brothers in Arms, Renounce Religion,
Evoke Berserk Rage


You were on level 5 of the Shoals.
You worshipped Trog.
Trog was extremely pleased with you.
You were not hungry.

You visited 4 branches of the dungeon, and saw 32 of its levels.
You visited the Abyss 1 time.
You also visited: Ice Cave and Volcano.

You collected 2330 gold pieces.
You spent 938 gold pieces at shops.

Inventory:

Hand weapons
 g - a +0 arbalest of flaming
 n - a +2 antimagic great mace
 x - a +0 quarterstaff of distortion
 Y - the +7 great mace of the Crawling Thing (weapon) {speed, +Rage}
   (Trog gifted it to you on level 9 of the Dungeon)

   Attacks with this weapon are significantly faster.
   It lets you go berserk.
Missiles
 h - 8 bolts of penetration
 y - 55 bolts
Armour
 i - a +3 plate armour of fire resistance (worn)
 r - a +0 pair of boots (worn)
 O - a +2 pair of gloves of cold resistance (worn)
 P - the +0 cloak of Starlight (worn) {rElec rC+ EV+4 Stlth-}
   (You found it on level 7 of the Dungeon)

   It affects your evasion (+4).
   It protects you from cold.
   It insulates you from electricity.
   It makes you less stealthy.
Magical devices
 a - a wand of digging (13)
 f - a wand of disintegration (8)
 k - a wand of hasting (4)
 o - a wand of lightning (4)
 p - a wand of disintegration (10)
 t - a wand of cold (0)
Comestibles
 c - 8 bread rations
Scrolls
 j - 4 scrolls of fear
 l - 9 scrolls of remove curse
 B - 2 scrolls of teleportation
 C - a scroll of enchant armour
 E - 2 scrolls of vulnerability
 G - 4 scrolls of blinking
 L - 20 scrolls of identify
 M - 4 scrolls of recharging
Jewellery
 e - an amulet of resist mutation (around neck)
 m - an uncursed ring of fire
 s - an uncursed ring of teleportation
 F - a ring of see invisible (left hand)
 T - a ring of regeneration (right hand)
 X - an uncursed ring of protection from magic
Potions
 d - 3 potions of cancellation
 u - 4 potions of haste
 v - 5 potions of restore abilities
 w - 2 potions of cure mutation
 D - 3 potions of resistance
 Q - 2 potions of curing
Miscellaneous
 b - a disc of storms
 z - a fan of gales
 J - a legendary deck of destruction {Pain}


   Skills:
 - Level 10.0 Fighting
 - Level 19.9 Maces & Flails
 + Level 0.8(13.5) Staves
 * Level 8.4 Crossbows
 - Level 10.0 Armour
 - Level 1.7 Dodging


You had 14 spell levels left.
You didn't know any spells.

Dungeon Overview and Level Annotations

Branches:
Dungeon (15/15)            Temple (0/1) D:6             Orc (4/4) D:11
    Elf (0/3) Orc:4          Lair (8/8) D:9          Shoals (5/5) Lair:3
 Spider (0/5) Lair:4        Slime (0/6) Lair:7       Vaults (0/5) D:14
 Depths: D:15

Altars:
Dithmenos
Fedhas
Makhleb
Okawaru
Vehumet
Beogh

Shops:
Orc:2 !   Orc:3 *   Orc:4 *[}(

Portals:
Trove: D:12 (give +3 fire dragon armour)

Annotations:
Lair:7 exclusion: 2 oklob plants


Innate Abilities, Weirdness & Mutations

You have a pair of large horns on your head.
You are completely covered in molten scales (AC +4, EV -1, rF+).
You sometimes gain power by taking damage.


Message History

The merfolk impaler is moderately wounded.
Unknown command.
Unknown command.
Use which ability? (? or * to list)
Okay, then.
Use which ability? (? or * to list)
Your ogre goes berserk!
You feel somewhat more hungry. The merfolk impaler closely misses you.
The merfolk impaler hits you but does no damage.
Space bends around you. The snapping turtle bites you!
* * * LOW HITPOINT WARNING * * *
The alligator snapping turtle barely misses you.
The merfolk impaler hits you with a trident of pain!
* * * LOW HITPOINT WARNING * * *
You writhe in agony.
* * * LOW HITPOINT WARNING * * *
The merfolk impaler hits you from afar with a trident of distortion!
* * * LOW HITPOINT WARNING * * *
Space warps horribly around you!
You die...

**************#*****************
*≈≈≈≈≈≈≈≈≈≈≈≈≈≈≈≈≈≈≈≈≈≈≈≈≈≈≈≈≈≈≈
*≈≈≈≈≈≈≈≈≈≈≈≈≈≈≈≈≈≈≈≈≈≈≈≈≈≈≈≈≈≈≈
*≈≈≈≈≈≈≈≈≈≈≈≈≈≈≈≈≈≈≈≈≈≈≈≈≈≈≈≈≈≈≈
*≈≈≈≈≈≈≈≈≈≈≈≈≈≈≈≈≈≈≈≈≈≈≈≈≈≈≈≈≈≈≈
*≈≈≈≈≈≈≈≈≈≈≈≈≈≈≈*####≈≈≈≈≈≈≈≈≈≈≈
*≈≈≈≈≈≈≈≈≈≈≈≈≈≈##...##≈≈≈,≈≈≈≈≈≈
*≈≈≈≈≈≈≈≈≈≈≈≈≈≈#mm...#≈,,,,≈≈≈≈≈
*≈≈≈≈≈≈≈≈≈≈≈≈≈≈@tt|..#≈≈,,,,,≈≈≈
*≈≈≈≈≈≈≈≈≈≈≈≈≈≈#O....#≈..,,,,≈≈≈
*≈≈≈≈≈≈≈≈≈≈≈≈≈≈##...##≈...,,,≈≈≈
*≈≈≈≈≈≈≈≈≈≈≈P≈≈.#####.≈≈≈≈,,,,≈≈
*≈≈≈≈≈≈≈≈≈≈≈P≈≈.......≈≈≈≈≈≈≈≈≈≈
*≈≈≈≈≈≈≈≈≈≈≈≈≈P.......≈≈≈≈≈≈≈≈≈≈
*≈≈≈≈≈≈≈≈≈≈≈P≈≈......P≈≈≈≈≈≈≈≈≈≈
*≈≈≈≈≈≈≈≈≈≈≈≈≈≈..P..≈≈≈≈≈≈≈≈≈≈≈≈
*≈≈≈≈≈≈≈≈≈≈P≈PP≈≈..PP≈≈≈≈≈≈≈≈≈≈≈


You could see an alligator snapping turtle, 2 merfolk impalers, a snapping
turtle and a friendly ogre (berserk).

Vanquished Creatures
  Donald (Orc:3)
  5 dire elephants (Lair:8)
  7 vault guards
  Harold (Lair:8)
  An anaconda (Lair:8)
  5 hydras
  A merfolk aquamancer (Shoals:5)
  Erica (Lair:4)
  3 centaur warriors
  4 orc high priests (Orc:4)
  An ogre mage (D:13)
  A fire crab (Lair:6)
  2 ice devils (IceCv)
  2 sea snakes
  A wizard (D:13)
  2 ice statues (IceCv)
  The ghost of Gigax the Covert, an experienced SpEn of Dithmenos (D:7)
  Pikel (D:5)
  3 hill giants
  2 orc knights (Orc:3)
  A harpy (Shoals:5)
  2 orc sorcerers
  2 griffons
  7 manticores
  8 fauns
  An ugly thing (D:13)
  The ghost of MDvedh the Spear-Bearer, an experienced MfDK of Yredelemnul (D:5)
  3 water nymphs
  8 black mambas
  12 elephants
  4 mermaids
  A molten gargoyle (Volcano)
  4 gargoyles
  2 feature mimics
  A komodo dragon (Lair:2)
  A yaktaur (D:13)
  A kobold demonologist (D:15)
  12 spiny frogs
  4 merfolk
  4 trolls
  9 blue devils (IceCv)
  A two-headed ogre (D:14)
  A wind drake (Shoals:5)
  A boulder beetle (Lair:4)
  6 fire drakes
  16 blink frogs
  3 basilisks
  5 snapping turtles
  2 deep elf magi
  A shadow (D:12)
  51 yaks
  3 water elementals
  A hill giant zombie (D:11)
  A wyvern (D:8)
  A deep elf fighter (D:13)
  2 humans
  A wraith (D:10)
  Eustachio (D:4)
  A fire elemental (Volcano)
  11 hippogriffs
  4 hungry ghosts
  3 wargs
  2 hill giant skeletons
  3 vampire mosquitoes (D:11)
  17 wolves
  Edmund (D:6)
  13 water moccasins
  A soldier ant (D:13)
  7 sky beasts
  10 porcupines
  3 ice beasts
  22 orc warriors
  A necrophage (D:12)
  5 phantoms
  12 ogres
  13 centaurs
  9 crocodiles
  Sigmund (D:4)
  Duvessa (D:4)
  3 big kobolds
  2 boring beetles
  18 giant frogs
  A gnoll sergeant (D:9)
  A brain worm (Lair:5)
  An eye of draining (D:10)
  7 scorpions
  18 killer bees
  A troll zombie (D:11)
  4 electric eels
  6 wights
  Dowan (D:4)
  An elf zombie (D:9)
  4 goliath beetles
  7 hounds
  10 crimson imps
  A jelly (D:10)
  33 orc priests
  27 orc wizards
  15 iguanas
  8 worker ants
  A gnoll shaman (D:9)
  5 orange rats (Lair:2)
  A killer bee zombie (D:10)
  17 sheep
  Jessica (D:3)
  4 ogre zombies (D:11)
  A mottled dragon skeleton (D:12)
  Terence (D:3)
  A hound skeleton (D:9)
  A worker ant zombie (D:9)
  24 adders
  64 green rats
  18 gnolls
  A giant mite (Lair:4)
  A shadow imp (D:12)
  7 white imps
  2 worms
  10 ufetubi (IceCv)
  A giant gecko (D:2)
  172 orcs
  9 giant cockroaches
  26 goblins
  15 hobgoblins
  11 quokkas
  3 ball pythons
  21 bats
  6 giant newts
  A goblin skeleton (D:11)
  2 goblin zombies (D:11)
  2 hobgoblin skeletons (D:11)
  9 jackals
  A jackal skeleton (D:5)
  25 kobolds
  4 orc skeletons
  16 orc zombies
  15 rats
  A rat skeleton (D:4)
  A fungus (D:9)
  4 plants (Lair:8)
1044 creatures vanquished.

Vanquished Creatures (collateral kills)
  A merfolk impaler (Shoals:2)
  4 merfolk javelineers (Shoals:5)
  A siren (Shoals:5)
  A sea snake (Shoals:4)
  3 fauns
  A manticore (Shoals:5)
  A mermaid (Shoals:5)
  3 merfolk
  A water elemental (Shoals:4)
16 creatures vanquished.

Vanquished Creatures (others)
  Ilsuiw (Shoals:5)
  3 trolls
  A blink frog (Lair:6)
  2 green rats (Lair:4)
  A white imp (IceCv)
  A worm (D:4)
  A goblin (D:4)
  A jackal (D:5)
  A quokka (Lair:3)
  5 fungi
  3 plants
20 creatures vanquished.

Grand Total: 1080 creatures vanquished

Notes
Turn   | Place    | Note
--------------------------------------------------------------
     0 | D:1      | Nebuchadnezzar, the Demonspawn Berserker, began the quest for the Orb.
     0 | D:1      | Reached XP level 1. HP: 18/18 MP: 1/1
   647 | D:1      | Gained mutation: You sometimes gain a little power by taking damage. [demonic ancestry]
   647 | D:1      | Reached XP level 2. HP: 16/24 MP: 2/2
  1189 | D:2      | Acquired Trog's second power
  1229 | D:2      | Reached XP level 3. HP: 13/29 MP: 3/3
  1473 | D:2      | Reached skill level 4 in Maces & Flails
  2008 | D:2      | Gained mutation: You have a pair of small horns on your head. [demonic ancestry]
  2008 | D:2      | Reached XP level 4. HP: 35/35 MP: 4/4
  2673 | D:3      | Noticed Jessica
  2675 | D:3      | Killed Jessica
  2690 | D:3      | Noticed Terence
  2697 | D:3      | Killed Terence
  2697 | D:3      | Reached skill level 5 in Maces & Flails
  2997 | D:3      | Gained mutation: You have a pair of horns on your head. [demonic ancestry]
  2997 | D:3      | Reached XP level 5. HP: 36/41 MP: 5/5
  3173 | D:4      | Found a radiant altar of Vehumet.
  3212 | D:4      | Noticed Duvessa
  3222 | D:4      | Killed Duvessa
  3225 | D:4      | Noticed Dowan
  3236 | D:4      | Killed Dowan
  3236 | D:4      | Reached skill level 6 in Maces & Flails
  3236 | D:4      | Gained mutation: You are partially covered in molten scales (AC +1). [demonic ancestry]
  3236 | D:4      | Reached XP level 6. HP: 21/47 MP: 6/6
  3473 | D:4      | Noticed Sigmund
  3479 | D:4      | Noticed Eustachio
  3507 | D:4      | Killed Sigmund
  3518 | D:4      | Killed Eustachio
  3518 | D:4      | Reached skill level 7 in Maces & Flails
  3518 | D:4      | Gained mutation: You are mostly covered in molten scales (AC +3, EV -1). [demonic ancestry]
  3518 | D:4      | Reached XP level 7. HP: 35/52 MP: 7/7
  3846 | D:4      | Found a burning altar of Makhleb.
  4093 | D:4      | Found a blossoming altar of Fedhas.
  4093 | D:4      | Found an iron altar of Okawaru.
  4363 | D:5      | Entered Level 5 of the Dungeon
  4367 | D:5      | Reached skill level 8 in Maces & Flails
  4427 | D:5      | Noticed MDvedh's ghost (experienced MfDK)
  4469 | D:5      | Noticed Pikel
  4522 | D:5      | Acquired Trog's third power
  4687 | D:5      | Found a shadowy altar of Dithmenos.
  4746 | D:5      | Killed MDvedh's ghost
  4746 | D:5      | Reached skill level 9 in Maces & Flails
  4746 | D:5      | Reached XP level 8. HP: 58/58 MP: 8/8
  4816 | D:5      | Killed Pikel
  4816 | D:5      | Reached skill level 10 in Maces & Flails
  5087 | D:5      | Reached skill level 11 in Maces & Flails
  5087 | D:5      | Reached XP level 9. HP: 52/63 MP: 9/9
  5283 | D:6      | Found a staircase to the Ecumenical Temple.
  5285 | D:6      | Noticed Edmund
  5316 | D:6      | Killed Edmund
  6504 | D:7      | Reached skill level 5 in Armour
  6536 | D:7      | Noticed Gigax's ghost (experienced SpEn)
  6554 | D:7      | Killed Gigax's ghost
  7054 | D:7      | Reached XP level 10. HP: 70/70 MP: 10/10
  7930 | D:8      | Received a gift from Trog
  8583 | D:9      | Noticed a manticore
  8733 | D:9      | Reached skill level 10 in Armour
  8839 | D:9      | Killed a manticore
  8895 | D:9      | Found a staircase to the Lair.
  9101 | D:9      | Reached skill level 5 in Fighting
  9189 | D:9      | Noticed a hill giant
  9206 | D:9      | Killed a hill giant
  9409 | D:9      | Gained mutation: You have a pair of large horns on your head. [demonic ancestry]
  9409 | D:9      | Reached XP level 11. HP: 83/83 MP: 11/11
  9429 | D:9      | Received a gift from Trog
  9459 | D:9      | Got a dazzling great mace {god gift}
  9460 | D:9      | Identified the +7 great mace of the Crawling Thing {speed, +Rage} (Trog gifted it to you on level 9 of the Dungeon)
 10035 | Lair:1   | Entered Level 1 of the Lair of Beasts
 10467 | Lair:1   | Found a burning altar of Makhleb.
 10593 | Lair:2   | Received a gift from Trog
 10898 | Lair:2   | Reached skill level 10 in Fighting
 11576 | Lair:3   | Reached skill level 12 in Maces & Flails
 11809 | Lair:3   | Received a gift from Trog
 11907 | Lair:3   | Gained mutation: You are completely covered in molten scales (AC +4, EV -1, rF+). [demonic ancestry]
 11907 | Lair:3   | Reached XP level 12. HP: 97/97 MP: 12/12
 12139 | Lair:3   | Found a staircase to the Shoals.
 12468 | Lair:4   | Found a staircase to the Snake Pit.
 12487 | Lair:4   | Reached skill level 13 in Maces & Flails
 12530 | Lair:4   | Found a hole to the Spider Nest.
 12597 | Lair:4   | the staircase to the Snake Pit was a mimic.
 12654 | Lair:4   | Noticed Erica
 12684 | Lair:4   | Killed Erica
 12834 | Lair:4   | Noticed a four-headed hydra
 12840 | Lair:4   | Killed a four-headed hydra
 13009 | Lair:4   | Reached skill level 14 in Maces & Flails
 13238 | Lair:5   | Received a gift from Trog
 13258 | Lair:5   | Found a dark tunnel.
 13268 | Volcano  | Entered a volcano
 14363 | Lair:5   | Noticed a six-headed hydra
 14369 | Lair:5   | Killed a six-headed hydra
 14369 | Lair:5   | Reached skill level 15 in Maces & Flails
 14579 | Lair:6   | Reached XP level 13. HP: 87/103 MP: 13/13
 14931 | Lair:6   | Noticed a six-headed hydra
 14939 | Lair:6   | Killed a six-headed hydra
 15635 | Lair:7   | Received a gift from Trog
 15711 | Lair:7   | Reached skill level 16 in Maces & Flails
 15805 | Lair:7   | Found a staircase to the Slime Pits.
 16446 | Lair:8   | Entered Level 8 of the Lair of Beasts
 16510 | Lair:8   | Received a gift from Trog
 17000 | Lair:8   | Found a frozen archway.
 17034 | IceCv    | Entered an ice cave
 17103 | IceCv    | Reached skill level 17 in Maces & Flails
 17717 | Lair:8   | Noticed a dire elephant
 17732 | Lair:8   | Killed a dire elephant
 17754 | Lair:8   | Noticed a dire elephant
 17754 | Lair:8   | Noticed a dire elephant
 17771 | Lair:8   | Killed a dire elephant
 17771 | Lair:8   | Gained mutation: You sometimes gain power by taking damage. [demonic ancestry]
 17771 | Lair:8   | Reached XP level 14. HP: 71/110 MP: 14/14
 17775 | Lair:8   | Killed a dire elephant
 17836 | Lair:8   | Noticed a dire elephant
 17849 | Lair:8   | Killed a dire elephant
 17869 | Lair:8   | Noticed Harold
 17882 | Lair:8   | Killed Harold
 17911 | Lair:8   | Received a gift from Trog
 17970 | Lair:8   | Noticed a dire elephant
 17979 | Lair:8   | Killed a dire elephant
 17979 | Lair:8   | Reached skill level 18 in Maces & Flails
 18214 | D:10     | Entered Level 10 of the Dungeon
 18242 | D:10     | Received a gift from Trog
 18836 | D:11     | Received a gift from Trog
 18896 | D:11     | Found a staircase to the Orcish Mines.
 19955 | D:12     | Found a portal to a secret trove of treasure.
 20869 | D:13     | Reached skill level 19 in Maces & Flails
 21031 | D:13     | Found a gate to the Vaults.
 21040 | D:13     | Received a gift from Trog
 21051 | D:13     | the gate to the Vaults was a mimic.
 21710 | D:14     | Found a gate to the Vaults.
 22026 | D:15     | Entered Level 15 of the Dungeon
 22063 | D:15     | Reached XP level 15. HP: 112/115 MP: 5/15
 22204 | Orc:1    | Entered Level 1 of the Orcish Mines
 22503 | Orc:3    | Noticed Donald
 22535 | Orc:3    | Killed Donald
 22847 | Orc:3    | Received a gift from Trog
 22888 | Orc:3    | Found Gosivir's General Store.
 22952 | Orc:3    | Bought a potion of heal wounds for 42 gold pieces
 23389 | Orc:2    | Found Keetag's Distillery.
 23401 | Orc:2    | Received a gift from Trog
 23967 | Orc:1    | Found a roughly hewn altar of Beogh.
 23986 | Orc:1    | Received a gift from Trog
 24320 | Orc:4    | Entered Level 4 of the Orcish Mines
 24320 | Orc:4    | Found a staircase to the Elven Halls.
 24566 | Orc:4    | Received a gift from Trog
 24915 | Orc:4    | Reached skill level 1 in Crossbows
 25049 | Orc:4    | Found Zaaninn's Antique Armour Boutique.
 25055 | Orc:4    | Found Ruulinat's Weapon Shop.
 25098 | Orc:3    | Received a gift from Trog
 25346 | Orc:4    | Found Mumye's Gadget Shop.
 25349 | Orc:4    | Found Gubini's Assorted Antiques.
 25367 | Orc:4    | Bought a crooked copper wand for 128 gold pieces
 25367 | Orc:4    | Bought a scroll labeled GREWISCH TWOSI for 32 gold pieces
 25371 | Orc:4    | Bought a runed plate armour for 736 gold pieces
 25944 | Shoals:1 | Entered Level 1 of the Shoals
 25955 | Shoals:1 | Cast into the Abyss (faun)
 25955 | Abyss:1  | Found a corrupted altar of Lugonu.
 25976 | Shoals:1 | Escaped the Abyss
 26174 | Shoals:2 | Reached skill level 5 in Crossbows
 26645 | Shoals:3 | Received a gift from Trog
 26894 | Shoals:5 | Entered Level 5 of the Shoals
 26995 | Shoals:5 | Noticed Ilsuiw
 27010 | Shoals:5 | HP: 3/115 [merfolk javelineer/glowing spear (10)]
 27011 | Shoals:5 | Killed Ilsuiw
 27021 | Shoals:5 | HP: 1/115 [merfolk javelineer/ javelin (7)]
 27378 | Shoals:4 | HP: 5/115 [sea snake (5)]
 27652 | Shoals:5 | Mangled by a merfolk impaler

Action                   |  1- 3 |  4- 6 |  7- 9 | 10-12 | 13-15 || total
-------------------------+-------+-------+-------+-------+-------++-------
Melee: Mace              |   126 |       |       |       |       ||   126
       Dagger            |     1 |   122 |   108 |     5 |       ||   236
       Flail             |       |       |   155 |   334 |       ||   489
       Cutlass           |       |       |     4 |       |       ||     4
       Whip              |       |       |    97 |       |       ||    97
       Great mace        |       |       |       |   467 |  1617 ||  2084
 Fire: Greatsling        |       |       |       |       |     5 ||     5
Invok: Berserk           |     1 |       |     3 |     2 |     2 ||     8
       Burn Spellbooks   |       |       |     1 |     4 |     2 ||     7
       Trog's Hand       |       |       |       |     1 |       ||     1
       Brothers in Arms  |       |       |       |       |     9 ||     9
Evoke: Wand              |       |     2 |     1 |     9 |    13 ||    25
  Use: Scroll            |     5 |     7 |     8 |     9 |    14 ||    43
       Potion            |       |       |       |       |    11 ||    11
  Eat: Chunk             |     4 |     3 |    10 |    22 |    14 ||    53
       Fruit             |       |     2 |       |     1 |     9 ||    12
       Meat ration       |       |       |     1 |       |     1 ||     2
       Pizza             |       |       |       |     5 |     1 ||     6
       Beef jerky        |       |       |       |       |     7 ||     7
       Bread ration      |       |       |       |       |     5 ||     5
